 Dungeon Crawl Stone Soup version 0.26-a0-651-gb41185065b (webtiles) character file.

Game seed: 4862870622297357829

372 zhorgal the Chopper (level 6, -3/52 HPs)
             Began as a Minotaur Fighter on Oct 26, 2020.
             Was a Follower of Uskayaw.
             Slain by an ice beast (7 damage)
             ... on level 4 of the Dungeon.
             The game lasted 00:06:58 (2688 turns).

zhorgal the Chopper (Minotaur Fighter)              Turns: 2688, Time: 00:06:59

Health: -3/52      AC:  6    Str: 23    XL:     6   Next: 43%
Magic:  2/6        EV:  7    Int:  5    God:    Uskayaw [*.....]
Gold:   107        SH:  9    Dex:  9    Spells: 5/5 levels left

rFire    . . .     SeeInvis .   a - +0 war axe
rCold    . . .     Faith    .   c - +0 kite shield
rNeg     . . .     Spirit   .   b - +0 scale mail
rPois    .         Reflect  .   (helmet restricted)
rElec    .         Harm     .   (no cloak)
rCorr    .         Rampage  .   (no gloves)
MR       .....                  (no boots)
Stlth    ..........             (no amulet)
HPRegen  0.17/turn              (no ring)
MPRegen  0.10/turn              (no ring)

@: no status effects
A: retaliatory headbutt, horns 2
a: Stomp, Renounce Religion


You were on level 4 of the Dungeon.
You worshipped Uskayaw.
Uskayaw was noncommittal.
You visited 1 branch of the dungeon, and saw 4 of its levels.

You collected 107 gold pieces.

Inventory:

Hand Weapons
 a - a +0 war axe (weapon)
 t - a +1 flail of holy wrath
Missiles
 m - a throwing net (quivered) {!f}
 n - 111 stones
Armour
 b - a +0 scale mail (worn)
 c - a +0 kite shield (worn)
Wands
 o - a wand of disintegration (17)
Scrolls
 e - a scroll of identify {unknown}
 f - a scroll of blinking {unknown}
 g - a scroll of fog {unknown}
 h - a scroll of enchant weapon {unknown}
 i - a scroll of amnesia {unknown}
 j - a scroll of magic mapping {unknown}
 k - a scroll of random uselessness {unknown}
 p - a scroll of immolation {unknown}
 u - a scroll of teleportation {unknown}
Potions
 d - 2 potions of might
 l - a potion of magic {unknown}
 q - a potion of brilliance {unknown}
 r - a potion of lignification {unknown}
 s - a potion of mutation {unknown}


   Skills:
 + Level 4.2 Fighting
 * Level 7.7 Axes
 - Level 3.6 Armour
 - Level 3.6 Shields
 + Level 1.4 Invocations


You had 5 spell levels left.
You didn't know any spells.
Your spell library was empty.

Dungeon Overview and Level Annotations

Branches:
Dungeon (4/15)
 Temple: D:4-7

Altars:
Ashenzari
Makhleb
Okawaru
Sif Muna
Trog
Uskayaw
Zin


Innate Abilities, Weirdness & Mutations

You reflexively headbutt those who attack you in melee.
You have a pair of horns on your head.


Message History

An ice beast comes into view.
The ice beast barely misses you.
You hit the ice beast but do no damage. You headbutt the ice beast!
The ice beast barely misses you.
You hit the ice beast.
The ice beast hits you but does no damage.
You can now pass through a line of other dancers.
The ice beast appears confused.
You can no longer pass through a line of other dancers.
The ice beast hits you. The ice beast freezes you!
You hit the ice beast but do no damage. You headbutt the ice beast.
The ice beast hits you. The ice beast freezes you!
You barely miss the ice beast. You headbutt the ice beast.
The ice beast seems less confused.
The ice beast hits you. The ice beast freezes you!
* * * LOW HITPOINT WARNING * * *
The ice beast hits you.
* * * LOW HITPOINT WARNING * * *
The ice beast freezes you!
You die...

##### ..
...# #.
###..## ..
.....# #.
###...#
#..#..Y@.#
#..#.##..#
#....<...#
##.#.##.##
#......#
###.####
#.# #..
#..


You could see an ice beast.

Vanquished Creatures
  2 orc wizards (D:3)
  Robin (D:2)
  7 gnolls
  11 adders
  An ooze (D:1)
  4 worms
  5 dart slugs
  2 leopard geckos
  10 orcs (D:3)
  3 giant cockroaches
  16 goblins
  11 hobgoblins
  5 jackals
  2 ball pythons (D:1)
  8 bats
  6 frilled lizards
  5 kobolds
  13 rats
112 creatures vanquished.

Notes
Turn   | Place    | Note
-------+----------+-------------------------------------------
     0 | D:1      | zhorgal the Minotaur Fighter began the quest for the Orb.
     0 | D:1      | Reached XP level 1. HP: 19/19 MP: 0/0
    35 | D:1      | Reached skill level 3 in Axes
   100 | D:1      | Reached XP level 2. HP: 26/26 MP: 1/1
   168 | D:1      | Reached skill level 4 in Axes
   370 | D:1      | Reached XP level 3. HP: 28/31 MP: 2/2
   719 | D:2      | Reached skill level 5 in Axes
   857 | D:2      | Reached XP level 4. HP: 27/39 MP: 3/3
  1191 | D:2      | Reached skill level 6 in Axes
  1195 | D:2      | Reached XP level 5. HP: 35/45 MP: 4/4
  1269 | D:2      | Noticed Robin
  1293 | D:2      | Killed Robin
  1518 | D:2      | Reached skill level 7 in Axes
  1619 | D:2      | Found a broken altar of Ashenzari.
  1736 | D:3      | Found a hide-covered altar of Uskayaw.
  1746 | D:3      | Became a worshipper of Uskayaw the Reveler
  1834 | D:3      | Found an iron altar of Okawaru.
  1834 | D:3      | Found a bloodstained altar of Trog.
  1890 | D:3      | Reached * piety under Uskayaw
  1899 | D:3      | Found a burning altar of Makhleb.
  1901 | D:3      | Reached ** piety under Uskayaw
  1906 | D:3      | Noticed a balrug
  1908 | D:3      | Found a glowing silver altar of Zin.
  1908 | D:3      | Noticed an angel
  2082 | D:3      | Reached *** piety under Uskayaw
  2093 | D:3      | Reached XP level 6. HP: 49/52 MP: 5/5
  2232 | D:3      | Reached skill level 1 in Invocations
  2346 | D:3      | Found a shimmering blue altar of Sif Muna.
  2682 | D:4      | Noticed an ice beast
  2688 | D:4      | Slain by an ice beast

Illustrated notes

Levels and vault maps discovered:
D:1:      saegor_arrival_simple_e, layout_basic, minmay_tetromino_l2
D:2:      layout_rooms, overflow_temple_1_default, uniq_robin
D:3:      layout_loops_ring, gammafunk_temple_overflow_statue,
          eat_drink_and_be_merry_uskayaw, nicolae_overflow_hidden_temple,
          grunt_temple_overflow_order_and_chaos_2, minivault_24
D:4:      layout_loops_corners

Skill      XL: |  1  2  3  4  5  6 |
---------------+-------------------+-----
Axes           | 3 4 5 6 7 |  7.7
Fighting       | 4 |  4.2
Invocations    | 1 |  1.4
Armour         | |  3.6
Shields        | |  3.6

Action                   |  1- 3 |  4- 6 || total
-------------------------+-------+-------++-------
Melee: War axe           |    72 |   192 ||   264
       Headbutt          |     9 |    25 ||    34
Invok: Line Pass         |       |     1 ||     1
 Stab: Paralysed         |       |     2 ||     2
Armor: Scale mail        |    29 |    61 ||    90
Dodge: Dodged            |    21 |    55 ||    76
Block: Kite shield       |    39 |   103 ||   142

Table legend: (Time is in decaauts)
 A = Elapsed time spent in this place.
 B = Non-inter-level travel time spent in this place.
 C = Inter-level travel time spent in this place.
 D = Time resting spent in this place.
 E = Time spent auto-exploring this place.
 F = Levels seen in this place.
 G = Mean time per level.
                   A        B        C        D        E       F      G
               +--------+--------+--------+--------+--------+-----+--------+
         Total |   2775 |   2681 |     94 |      0 |   1990 |   4 |  693.8 |
       Dungeon |   2775 |   2681 |     94 |      0 |   1990 |   4 |  693.8 |
               +--------+--------+--------+--------+--------+-----+--------+

Top non-repeatable levels by time:
     D:3: 1053 daAuts
     D:2: 964 daAuts
     D:1: 747 daAuts
     D:4: 9 daAuts
